 Dungeon Crawl Stone Soup version 0.19-a0-1268-g6c5d9f8 (webtiles) character file.

399 Jivvin the Ruffian (level 6, 62/62 HPs)
             Began as a Troll Monk on Aug 29, 2016.
             Quit the game on level 5 of the Dungeon.
             The game lasted 00:02:55 (2157 turns).

Jivvin the Ruffian (Troll Monk)                     Turns: 2157, Time: 00:02:55

Health: 62/62      AC:  7    Str: 22    XL:     6   Next: 53%
Magic:  5/5        EV: 11    Int:  6    God:
Gold:   48         SH:  0    Dex: 18    Spells: 0 memorised, 5 levels left

rFire  + . .     SeeInvis +     x - +9 dagger "Gram" {speed, rC++}
rCold  + + .     Gourm    +     a - +2 robe
rNeg   + . .     Faith    .     (no shield)
rPois  .         Spirit   .     (helmet restricted)
rElec  .         Dismiss  .     (no cloak)
rCorr  .         Reflect  .     (gloves unavailable)
MR     .....     Harm     .     (boots unavailable)
Stlth  ++........               (no amulet)
                                (no ring)
                                w - ring "Asmiywel" {rF+ rN+ MR- Dex+6 SInv}

@: no status effects
A: unfitting armour, claws 3, fast metabolism 3, gourmand, regeneration 1,
shaggy fur 1, tough skin 2
a: no special abilities


You were on level 5 of the Dungeon.
You were not hungry.

You visited 1 branch of the dungeon, and saw 4 of its levels.

You collected 123 gold pieces.
You spent 75 gold pieces at shops.

Inventory:

Hand Weapons
 x - the +9 dagger "Gram" (weapon) {speed, rC++}
   (You found it on level 4 of the Dungeon)

   Attacks with this weapon are significantly faster.
   It greatly protects you from cold.
Armour
 a - a +2 robe (worn)
Jewellery
 o - an uncursed amulet of the gourmand {unknown}
 w - the ring "Asmiywel" (left claw) {rF+ rN+ MR- Dex+6 SInv}
   (You found it on level 4 of the Dungeon)

   [ring of protection from fire]

   It affects your dexterity (+6).
   It protects you from fire.
   It protects you from negative energy.
   It affects your resistance to hostile enchantments.
   It lets you see invisible.
 y - an uncursed ring of protection from fire {unknown}
 z - an uncursed ring of resist corrosion {unknown}
Scrolls
 c - 4 scrolls of blinking
 e - a scroll of random uselessness {unknown}
 g - 5 scrolls of magic mapping {unknown}
 h - 2 scrolls of teleportation
 j - 2 scrolls of remove curse
 k - 4 scrolls of enchant armour
 r - a scroll of identify
 v - a scroll of amnesia {unknown}
Potions
 d - a potion of agility {unknown}
 i - 2 potions of heal wounds
 l - 3 potions of curing
 m - a potion of ambrosia {unknown}
 n - a potion of degeneration {unknown}
 p - a potion of berserk rage {unknown}
 t - a potion of flight {unknown}
 u - 2 potions of brilliance {unknown}
Comestibles
 b - a bread ration
 f - a slice of pizza
 q - a meat ration
 s - 3 fruits
 A - a chunk of flesh


   Skills:
 - Level 4.1 Fighting
 * Level 3.1 Short Blades
 - Level 2.4 Dodging
 - Level 1.1 Stealth
 - Level 4.5 Unarmed Combat


You had 5 spell levels left.
You didn't know any spells.

Dungeon Overview and Level Annotations

Branches:
Dungeon (5/15)
 Temple: D:4-7

Altars:
Dithmenos
Gozag
Qazlal
Uskayaw

Shops:
D:5 !


Innate Abilities, Weirdness & Mutations

You are too large for most types of armour.
You have claws for hands.
Your metabolism is lightning-fast.
You like to eat raw meat.
Your natural rate of healing is unusually fast.
You are covered in fur. (AC +1)
You have very tough skin. (AC +2)


Message History

No target in view!
No target in view!
No target in view!
You see here a jackal corpse.
You butcher the jackal corpse.
A - 3 chunks of flesh You see here a jackal skeleton.
Eat one of 3 chunks of flesh? (ye/n/q)
You start eating one of the 3 chunks of flesh.
You continue eating. x2
You finish eating.
This raw flesh tastes great.
Eat one of 2 chunks of flesh? (ye/n/q)
You start eating one of the 2 chunks of flesh.
You continue eating. x2
You finish eating.
This raw flesh tastes great.
Unknown command.
Search for what [Enter for "dag", or ? for help]?
Okay, then.
Unknown command.
Are you sure you want to abandon this character and quit the game? (Confirm with "yes".)

#.. #.# # #.# # #.# #
#.# #
####.################
##
#....................
.#
##@###########.....
.# #.....# #..... .#
#..##.# #..... .#
#.###.########.....
.#
#............'.....
.#
#.###.########.....
.#
#.###..............
.#
#......#######.....
.# #####.## #.....


There were no monsters in sight!

Vanquished Creatures
  An ice beast (D:5)
  Blork the orc (D:5)
  A howler monkey (D:4)
  2 orc wizards (D:4)
  Jessica (D:2)
  An iguana (D:4)
  2 worker ants (D:4)
  An adder (D:2)
  An ooze (D:2)
  A dart slug (D:1)
  6 orcs
  5 giant cockroaches
  A goblin (D:2)
  A hobgoblin (D:2)
  4 jackals
  A kobold (D:1)
  2 quokkas
  A bat (D:1)
  4 giant newts
37 creatures vanquished.

Notes
Turn   | Place    | Note
-------+----------+-------------------------------------------
     0 | D:1      | Jivvin the Troll Monk began the quest for the Orb.
     0 | D:1      | Reached XP level 1. HP: 22/22 MP: 0/0
   122 | D:1      | Reached XP level 2. HP: 29/29 MP: 1/1
   622 | D:2      | Noticed a dagger
   622 | D:2      | Found a hide-covered altar of Uskayaw.
   622 | D:2      | Noticed a dagger
   641 | D:2      | Found an opulent altar of Gozag.
   666 | D:2      | Found a shadowy altar of Dithmenos.
   668 | D:2      | Found a stormy altar of Qazlal.
   699 | D:2      | Noticed Jessica
   700 | D:2      | Reached XP level 3. HP: 34/36 MP: 2/2
   706 | D:2      | Killed Jessica
   715 | D:2      | Found an opulent altar of Gozag.
   720 | D:2      | You fall through a shaft for 2 floors!
   902 | D:4      | Noticed Blork the orc
   939 | D:5      | Entered Level 5 of the Dungeon
   943 | D:5      | Killed Blork the orc
   943 | D:5      | Reached XP level 4. HP: 22/48 MP: 3/3
  1195 | D:4      | Reached XP level 5. HP: 49/54 MP: 4/4
  1347 | D:4      | Got a twitching steel ring
  1437 | D:4      | Got an ichor-stained dagger
  1442 | D:4      | Identified the +9 dagger "Gram" {speed, rC++} (You found it on level 4 of the Dungeon)
  1583 | D:4      | Reached skill level 1 in Short Blades
  1638 | D:4      | Reached XP level 6. HP: 62/62 MP: 5/5
  1997 | D:5      | Found Wouddeq's Distillery.
  2005 | D:5      | Bought a potion of heal wounds for 75 gold pieces
  2084 | D:5      | Noticed an ice beast
  2103 | D:5      | Killed an ice beast
  2141 | D:5      | Identified the ring "Asmiywel" {rF+ rN+ MR- Dex+6 SInv} (You found it on level 4 of the Dungeon)
  2157 | D:5      | Quit the game

Vault maps used:
D:1:      eino_arrival_druids_welcome
D:2:      dancing_weapons_uskayaw, grunt_temple_overflow_open,
          nicolae_gozag_seed_capital, uniq_jessica
D:4:      serial_forest, infiniplex_forest_clump_small,
          infiniplex_forest_straight_2, infiniplex_forest_lined_3,
          infiniplex_forest_3_way, infiniplex_forest_end_3,
          infiniplex_forest_lined_ring, infiniplex_forest_end_2, first_bread,
          uniq_blork_the_orc
D:5:      serial_shops, shop, vehumet_altar_wand_db, uniq_sigmund

Skill      XL: |  1  2  3  4  5  6 |
---------------+-------------------+-----
Fighting       | 3 4 |  4.1
Unarmed Combat | 4 |  4.5
Short Blades   | 2 3 |  3.1
Dodging        | |  2.4
Stealth        | |  1.1

Action                   |  1- 3 |  4- 6 || total
-------------------------+-------+-------++-------
Melee: Unarmed           |    60 |    11 ||    71
       Punch             |     2 |       ||     2
       Dagger            |       |    62 ||    62
  Use: Scroll            |     2 |     5 ||     7
       Potion            |     2 |       ||     2
 Stab: Distracted        |       |     1 ||     1
  Eat: Chunk             |     3 |     6 ||     9
       Bread ration      |     1 |     1 ||     2
Armor: Robe              |    18 |    18 ||    36
Dodge: Dodged            |    28 |    25 ||    53
